 Dungeon Crawl Stone Soup version 0.20.1-1-g8b1a95d (webtiles) character file.

343 Golfball the Skirmisher (level 6, -2/41 HPs)
             Began as a Gargoyle Fighter on Sept 18, 2017.
             Was a Follower of Dithmenos.
             Killed from afar by an orc wizard (8 damage)
             ... with a magic dart
             ... on level 4 of the Dungeon.
             The game lasted 00:07:57 (2481 turns).

Golfball the Skirmisher (Gargoyle Fighter)          Turns: 2481, Time: 00:07:58

Health: -2/41      AC: 12    Str: 20    XL:     6   Next: 57%
Magic:  6/6        EV:  7    Int:  9    God:    Dithmenos [*.....]
Gold:   123        SH:  9    Dex: 10    Spells: 5/5 levels left

rFire    . . .     SeeInvis .   a - +1 flail
rCold    . . .     Gourm    .   c - +0 shield
rNeg     + . .     Faith    .   b - +0 scale mail
rPois    ∞         Spirit   .   (no helmet)
rElec    +         Reflect  .   (no cloak)
rCorr    .         Harm     .   n - +0 pair of gloves
MR       .....                  (no boots)
Stlth    +.........             (no amulet)
Regen    0.2/turn               k - ring of stealth
MPRegen  0.1/turn               (no ring)

@: slowed, wreathed by umbra, very slow
A: negative energy resistance 1, electricity resistance, unbreathing,
petrification resistance, rot immunity, AC +4
a: Renounce Religion


You were on level 4 of the Dungeon.
You worshipped Dithmenos.
Dithmenos was aware of your devotion.
You were not hungry.

You visited 1 branch of the dungeon, and saw 4 of its levels.

You collected 123 gold pieces.

Inventory:

Hand Weapons
 a - a +1 flail (weapon)
Missiles
 l - 34 poisoned needles
Armour
 b - a +0 scale mail (worn)
 c - a +0 shield (worn)
 n - a +0 pair of gloves (worn)
Jewellery
 k - a ring of stealth (left hand)
Scrolls
 d - a scroll of remove curse
 e - 7 scrolls of identify
Potions
 i - a potion of agility {unknown}
 m - a potion of brilliance
Comestibles
 f - 2 bread rations
 g - 2 royal jellies
 h - 3 meat rations


   Skills:
 + Level 5.7 Fighting
 + Level 4.6 Maces & Flails
 + Level 3.4 Armour
 + Level 1.0 Stealth
 - Level 3.2 Shields
 + Level 1.2 Invocations


You had 5 spell levels left.
You didn't know any spells.

Dungeon Overview and Level Annotations

Branches:
Dungeon (4/15)
 Temple: D:4-7

Altars:
Ashenzari
Dithmenos
Hepliaklqana
Xom
Zin


Innate Abilities, Weirdness & Mutations

You are resistant to torment.
Your stone body is resilient. (AC +4)
You are immune to poison.
You resist negative energy. (rN+)
You are resistant to electric shocks. (rElec)
You can survive without breathing.
You are immune to petrification.
You are immune to rotting.


Message History

The puff of frost hits you!
The orc wizard hits you but does no damage.
Something hits you but does no damage.
The orc wizard hits you but does no damage.
You hit the orc wizard.
The orc wizard is severely wounded.
Something hits you but does no damage. The orc wizard casts a spell at you.
You feel as though you will be slow longer.
Something hits you.
The orc wizard hits you but does no damage.
Something hits you. You block the orc wizard's attack.
You barely miss something.
You hear some strange, mumbled words.
A puff of frost appears from out of thin air!
The puff of frost hits you!
* * * LOW HITPOINT WARNING * * *
The orc wizard casts a spell at you. The magic dart hits you!
You die...

#.# #.#
#.# #.#
#.#####
#....!#
#####.#
#o# #@#
#{# #o#
#o# #.#
#.# #..
###


You could see an orc wizard and 2 orcs.

Vanquished Creatures
  The ghost of Aolhelm the Cutter, an amateur KoBe of Trog (D:3)
  An ice beast (D:3)
  A howler monkey (D:3)
  2 adders (D:2)
  An ooze (D:2)
  A dart slug (D:3)
  4 leopard geckos
  2 orcs (D:3)
  2 giant cockroaches (D:3)
  10 goblins
  6 hobgoblins
  4 jackals (D:2)
  2 quokkas
  2 ball pythons
  4 bats
  9 frilled lizards
  5 kobolds
  16 rats
73 creatures vanquished.

Notes
Turn   | Place    | Note
-------+----------+-------------------------------------------
     0 | D:1      | Golfball the Gargoyle Fighter began the quest for the Orb.
     0 | D:1      | Reached XP level 1. HP: 14/14 MP: 1/1
   267 | D:1      | Reached XP level 2. HP: 19/19 MP: 2/2
   828 | D:2      | Reached XP level 3. HP: 24/24 MP: 3/3
   956 | D:2      | Found a shadowy altar of Dithmenos.
   970 | D:2      | Became a worshipper of Dithmenos the Shadowed
  1105 | D:2      | Reached skill level 4 in Fighting
  1395 | D:1      | Reached XP level 4. HP: 27/29 MP: 4/4
  1790 | D:3      | Reached * piety under Dithmenos
  1819 | D:3      | Noticed Aolhelm's ghost (amateur KoBe)
  1844 | D:3      | Killed Aolhelm's ghost
  1844 | D:3      | Reached skill level 5 in Fighting
  1844 | D:3      | Reached XP level 5. HP: 15/35 MP: 5/5
  2102 | D:3      | Reached XP level 6. HP: 39/40 MP: 6/6
  2129 | D:3      | Found a shattered altar of Ashenzari.
  2140 | D:3      | Found a hazy altar of Hepliaklqana.
  2143 | D:3      | Found a shimmering altar of Xom.
  2144 | D:3      | Found a glowing silver altar of Zin.
  2175 | D:3      | Noticed an ice beast
  2189 | D:3      | Killed an ice beast
  2189 | D:3      | Reached skill level 1 in Invocations
  2217 | D:3      | Reached skill level 1 in Stealth
  2481 | D:4      | Killed from afar by an orc wizard

Skill      XL: |  1  2  3  4  5  6 |
---------------+-------------------+-----
Maces & Flails | 3 4 |  4.6
Fighting       | 4 5 |  5.7
Invocations    | 1 |  1.2
Stealth        | 1 |  1.0
Armour         | |  3.4
Shields        | |  3.2

Action                   |  1- 3 |  4- 6 || total
-------------------------+-------+-------++-------
Melee: Flail             |   166 |   146 ||   312
  Use: Scroll            |     6 |       ||     6
       Potion            |       |     2 ||     2
  Eat: Chunk             |     2 |     4 ||     6
Armor: Scale mail        |    94 |    64 ||   158
Dodge: Dodged            |    55 |    39 ||    94
Block: Shield            |    89 |    52 ||   141
